Map: Dusty Gorge

Players

MonstroTown

  • Race: Terran Terran
  • Spawn Location: 5:00

Michael

  • Race: Zerg Zerg
  • League: Platinum
  • Spawn Location: 3:00

brobob - Winner!

  • Race: Protoss Protoss
  • League: Gold
  • Spawn Location: 9:00

gagaudi - Winner!

  • Race: Terran Terran
  • League: Platinum
  • Spawn Location: 11:00

VOD

Have the link to the VOD?

Description

Time

  • Played on: Oct. 7, 2018, 10:21 a.m.
  • Length: 22:35
Show
View Real Time Build Order
Export as new Build Order

MonstroTown Terran 

Build Orders:  

Get SALT Encoding   

  12  0:01  SCV  
  13  0:13  SCV  
  14  0:18  Supply Depot  
  14  0:25  SCV  
  15  0:40  SCV  
  15  0:41  Barracks  
  16  0:46  Refinery  
  16  0:52  SCV  
  17  1:04  SCV  
  18  1:16  Barracks  
  18  1:19  SCV  
  19  1:30  Reaper  
  19  1:31  Orbital Command  
  20  1:41  Supply Depot  
  20  1:59  SCV  
  21  2:14  Command Center  
  21  2:27  Marine  
  21  2:28  Reaper  
  22  2:45  Reaper  
  23  3:00  Reaper  
  24  3:05  Factory  
  24  3:08  Refinery  
  24  3:09  Engineering Bay  
  24  3:11  Engineering Bay  
  24  3:18  Barracks  
  24  3:19  Barracks  
  24  3:48  Barracks Tech Lab  
  22  3:52  SCV, Starport  
  23  3:55  Orbital Command  
  23  4:05  SCV, Factory Tech Lab  
  24  4:12  Marine x3  
  28  4:17  SCV  
  28  4:29  Stimpack, SCV  
  29  4:32  SCV  
  30  4:39  Refinery  
  30  4:41  SCV  
  30  4:44  SCV  
  32  4:53  SCV  
  32  4:56  SCV  
  34  5:02  Siege Tank, Marauder  
  34  5:05  SCV  
  40  5:08  SCV  
  40  5:10  Terran Infantry Weapons Level 1  
  40  5:12  Marine x2  
  43  5:17  SCV  
  43  5:20  SCV  
  44  5:29  SCV  
  44  5:32  SCV  
  44  5:34  Marine  
  45  5:42  Supply Depot x2  
  45  5:48  Medivac  
  45  5:49  Siege Tank  
  50  5:51  Barracks Reactor  
  50  5:54  Marauder  
  52  6:00  Marine  
  52  6:01  Marine  
  54  6:05  Supply Depot  
  54  6:06  SCV x2  
  54  6:10  Terran Infantry Armor Level 1, Refinery  
  56  6:18  SCV x2  
  56  6:21  Medivac  
  60  6:30  SCV x2  
  62  6:33  Supply Depot  
  62  6:34  Marine  
  62  6:35  Barracks Reactor, Marine x2  
  62  6:37  Marauder  
  67  6:42  SCV  
  67  6:43  SCV  
  69  6:52  Marine  
  69  6:53  Marine  
  71  6:55  SCV  
  71  7:00  Armory  
  72  7:03  Barracks Tech Lab  
  72  7:07  Starport Reactor  
  72  7:08  Siege Tank  
  66  7:51  Marine  
  59  7:52  Marine  
  49  8:09  Marine  
  47  8:27  Marine  
  48  8:38  Barracks  
  48  8:39  Barracks x2  
  48  8:41  Barracks  
  48  8:45  Marine  
  47  9:03  Marine  
  47  9:08  Barracks  
  45  9:12  Barracks  
  45  9:14  Command Center  
  45  9:16  Barracks  
  45  9:18  Barracks  
  45  9:21  Medivac  
  45  9:23  Marine  
  48  10:03  Barracks Tech Lab, Barracks Reactor  
  48  10:04  Command Center, Barracks Reactor  
  48  10:10  Command Center  
  48  10:11  Missile Turret  
  48  10:13  Marine x4  
  47  10:37  Marine x2  
  47  10:38  Marine x3  
  47  10:39  Viking  
  55  10:51  Marine x4  
  55  10:55  Marine  
  55  10:56  Marine  
  62  11:03  Orbital Command  
  62  11:08  Supply Depot  
  61  11:15  Marine x5  
  57  11:27  Marine  
  57  11:33  Marine x5  
  62  11:45  Marine  
  62  11:51  Marine x5  
  62  12:03  Marine  
  61  12:09  Marine  
  49  12:22  Marine x2  
  48  12:23  Marine x3  
  48  12:27  Marine  
  48  12:28  Orbital Command  
  52  12:35  Orbital Command  
  50  12:51  Factory  
  50  12:59  Marine x2  
  50  13:00  Marine x3  
  50  13:01  Marauder  
  57  13:08  Engineering Bay  
  57  13:17  Marine x2  
  59  13:26  Marine x2  
  59  13:27  Marine x2  
  63  13:35  Marine  
  59  13:48  Marine x4  
  51  13:49  Marine  
  51  13:51  SCV x4  
  52  13:57  Barracks  
  52  13:59  Barracks  
  52  14:00  Starport, Barracks, Marine  
  51  14:03  SCV  
  51  14:06  Marine  
  51  14:07  Marauder  
  55  14:10  Cyclone  
  55  14:11  Cyclone  
  62  14:17  SCV x4  
  62  14:21  Marine  
  62  14:22  Orbital Command  
  66  14:28  Marauder  
  68  14:35  Terran Infantry Armor Level 2  
  65  14:45  Marine  
  65  14:46  Marine x6  
  65  14:47  Marine  
  65  14:49  Marine  
  71  15:00  Orbital Command  
  71  15:03  Marine x2  
  73  15:12  Marine  
  73  15:13  SCV x2, Marine x3  
  73  15:14  Marine x3  
  82  15:21  Marine x2  
  84  15:30  Marine  
  84  15:31  Marine x4  
  84  15:32  Marine  
  90  15:42  Marine x3  
  84  15:46  Cyclone x2  
  84  15:47  Medivac  
  92  15:53  Supply Depot  
  92  15:55  Supply Depot  
  92  16:02  Marine  
  92  16:03  Marine x5  
  92  16:04  Marine x3  
  86  16:20  Marine x4  
  82  16:41  SCV x3, Marine x3  
  82  16:42  Marine x2  
  82  16:45  Marine  
  82  16:46  Marine x2  
  93  16:51  Supply Depot x2  
  93  16:57  Terran Infantry Weapons Level 2  
  93  17:12  Marine x9  
  93  17:13  SCV  
  103  17:20  Cyclone x2  
  109  17:29  Supply Depot x2  
  109  17:49  SCV, Medivac  
  109  17:50  SCV, Marauder, Marine x4  
  103  18:09  Marine x5  
  101  18:27  Marine x5  
  101  18:28  Marine x2  
  106  18:37  Marine x2  
  95  18:44  Marine  
  95  18:45  Marine x5  
  101  18:52  SCV x3  
  103  19:04  SCV  
  103  19:05  Marine x4  
  103  19:06  SCV x2, Marine  
  111  19:16  SCV  
  112  19:18  SCV x2  
  73  19:48  Marine x2  
Show
View Real Time Build Order
Export as new Build Order

Michael Zerg 

Build Orders: Pool First 

Get SALT Encoding   

  12  0:01  Drone  
  13  0:12  Overlord  
  13  0:18  Drone  
  14  0:31  Drone x2  
  14  0:34  Drone  
  17  0:41  Extractor  
  16  0:45  Drone  
  17  0:52  Spawning Pool  
  17  0:56  Drone  
  17  1:07  Drone  
  18  1:24  Hatchery  
  17  1:27  Drone  
  18  1:40  Queen  
  18  1:46  Metabolic Boost  
  20  1:50  Zergling x2  
  21  1:54  Zergling x2  
  22  2:01  Overlord  
  22  2:10  Overlord  
  21  2:24  Zergling x4  
  23  2:33  Queen  
  25  2:42  Zergling x4  
  27  2:54  Zergling x4  
  27  3:04  Drone  
  27  3:05  Drone x3  
  31  3:07  Drone  
  32  3:15  Queen  
  32  3:17  Drone  
  30  3:47  Zergling x14  
  30  3:48  Zergling x4  
  38  3:52  Drone x2  
  40  4:00  Extractor  
  39  4:02  Roach Warren  
  39  4:09  Lair  
  38  4:22  Drone  
  38  4:23  Drone x4  
  43  4:24  Drone  
  43  4:35  Overlord x2  
  43  4:55  Drone x2  
  43  4:56  Drone x4  
  43  4:57  Drone  
  50  5:01  Queen  
  50  5:05  Glial Reconstitution  
  52  5:13  Drone x2, Hydralisk Den  
  53  5:17  Drone  
  53  5:19  Overlord  
  53  5:21  Overlord  
  54  5:38  Roach x2  
  54  5:39  Roach  
  54  5:41  Roach  
  62  5:51  Zergling x2  
  62  5:52  Zergling x10  
  62  5:55  Hatchery  
  67  5:57  Muscular Augments  
  67  6:07  Roach  
  67  6:08  Roach  
  71  6:23  Overlord x2  
  71  6:24  Overlord x3  
  71  6:29  Hydralisk  
  71  6:30  Hydralisk  
  71  6:32  Evolution Chamber  
  74  6:38  Drone  
  75  6:42  Overlord x2  
  75  6:47  Drone x4  
  75  6:48  Drone  
  75  6:52  Hydralisk  
  82  7:02  Overlord x3  
  82  7:06  Hydralisk  
  84  7:09  Grooved Spines  
  84  7:13  Spore Crawler  
  83  7:16  Spore Crawler  
  83  7:18  Hydralisk x2  
  86  7:25  Spore Crawler  
  57  7:47  Hydralisk x2  
  57  7:48  Hydralisk x5  
  57  7:49  Hydralisk  
  69  7:58  Zergling x14  
  74  8:02  Queen  
  74  8:10  Zergling x2  
  74  8:11  Zergling x6  
  76  8:26  Zergling x6  
  52  8:49  Hydralisk x6  
  62  9:03  Hydralisk x4, Spore Crawler  
  62  9:04  Spore Crawler  
  62  9:05  Spore Crawler  
  67  9:12  Hydralisk  
  66  9:17  Zergling x6  
  66  9:33  Hatchery  
  63  9:38  Drone x2  
  63  9:39  Drone  
  63  9:41  Extractor  
  63  9:42  Extractor  
  64  9:52  Spine Crawler  
  63  9:53  Spine Crawler  
  63  9:54  Spore Crawler  
  63  9:55  Spore Crawler x2  
  63  9:59  Hydralisk x5  
  69  10:05  Zergling x4  
  71  10:09  Roach  
  63  10:32  Hydralisk x3  
  58  10:43  Hydralisk  
  58  10:46  Zergling x14  
  66  10:53  Zergling x4  
  66  10:55  Hydralisk  
  70  11:07  Drone, Hydralisk  
  70  11:08  Hydralisk  
  75  11:17  Hydralisk x2  
  76  11:21  Roach  
  76  11:25  Zergling x20  
  87  11:31  Hydralisk x2  
  92  11:37  Hydralisk  
  94  11:44  Hydralisk  
  94  11:45  Hydralisk  
  93  11:52  Ravager  
  93  11:53  Roach  
  94  11:54  Roach x2  
  94  11:56  Roach  
  55  12:32  Hydralisk x6  
  65  12:44  Drone x4  
  65  12:45  Drone  
  65  12:48  Drone  
  67  13:03  Hydralisk x2  
  71  13:05  Hydralisk  
  71  13:25  Roach x5  
  66  13:50  Hydralisk x5  
  66  13:59  Hydralisk  
  66  14:00  Hydralisk  
  66  14:02  Ravager  
  65  14:03  Ravager  
  66  14:15  Ravager x3  
  69  14:21  Roach  
  71  14:25  Hatchery  
  71  14:26  Roach  
  74  14:31  Roach  
  74  14:36  Roach  
  76  14:51  Roach x2  
  80  15:01  Roach x2  
  78  15:25  Roach  
  78  15:26  Roach x3  
  83  15:29  Zergling x4  
  61  15:43  Hydralisk x2  
  64  15:52  Drone x4  
  54  16:06  Roach x4  
  54  16:14  Hydralisk  
  56  16:25  Queen  
  56  16:27  Drone  
  59  16:39  Roach x6  
  71  16:42  Roach  
  69  16:51  Hydralisk x2  
  73  16:54  Ravager x2  
  75  17:02  Drone x2  
  77  17:18  Roach x3  
  77  17:20  Roach  
  85  17:29  Burrow  
  85  17:32  Roach x5  
  85  17:33  Infestation Pit, Roach  
  85  17:36  Ravager x4  
  100  17:37  Ravager  
  100  17:38  Ravager  
  100  17:39  Ravager  
  100  17:42  Ravager x2  
  105  17:47  Roach x2  
  109  18:03  Roach  
  109  18:04  Roach x4  
  112  18:09  Swarm Host  
  118  18:13  Swarm Host  
  118  18:17  Swarm Host  
  124  18:30  Swarm Host  
  124  18:31  Swarm Host  
  124  18:32  Swarm Host  
  136  18:36  Swarm Host  
  139  19:15  Overlord x2  
  139  19:18  Swarm Host x2  
  139  19:19  Swarm Host x2  
  85  20:01  Swarm Host x10  
  85  20:02  Swarm Host x6  
  77  21:57  Hydralisk x3  
Show
View Real Time Build Order
Export as new Build Order

brobob Protoss - Winner!

Build Orders:  

Get SALT Encoding   

  1  0:00  Probe  
  12  0:05  Probe  
  14  0:24  Pylon  
  14  0:26  Probe  
  15  0:43  Probe  
  15  0:46  Gateway  
  16  0:51  Assimilator  
  16  0:55  Probe  
  17  1:05  Probe  
  18  1:13  Probe  
  19  1:21  Probe  
  20  1:40  Cybernetics Core  
  20  1:46  Pylon  
  20  1:51  Probe  
  21  1:59  Gateway  
  21  2:02  Gateway  
  21  2:04  Probe, Assimilator  
  22  2:17  Adept, Probe, Pylon  
  22  2:19  Warp Gate  
  23  2:23  Shield Battery  
  22  2:55  Adept x3  
  27  3:08  Probe  
  28  3:21  Probe  
  28  3:22  Zealot  
  29  3:27  Zealot  
  31  3:36  Zealot  
  31  3:57  Probe  
  32  4:03  Gateway  
  32  4:04  Gateway  
  32  4:15  Pylon  
  32  4:32  Pylon  
  32  4:36  Stalker x3  
  38  4:55  Probe  
  39  5:07  Nexus  
  39  5:11  Probe  
  40  5:18  Stalker  
  42  5:24  Probe  
  43  5:35  Stalker  
  45  5:36  Probe  
  46  5:46  Stalker  
  48  5:50  Stalker  
  50  6:00  Stalker  
  52  6:08  Stalker  
  54  6:13  Pylon  
  54  6:25  Probe  
  55  6:26  Pylon  
  55  6:28  Probe  
  56  6:37  Probe  
  57  6:49  Robotics Facility  
  57  6:50  Probe  
  58  6:54  Stargate  
  58  7:03  Stalker  
  58  7:04  Stalker  
  58  7:06  Probe  
  63  7:23  Probe  
  63  7:24  Probe  
  65  7:57  Void Ray  
  63  8:03  Stalker  
  63  8:04  Stalker x2  
  63  8:05  Stalker x2  
  73  8:12  Probe x2  
  79  8:16  Assimilator  
  79  8:20  Assimilator  
  79  8:23  Pylon  
  79  8:24  Probe x2  
  81  8:39  Void Ray  
  85  8:47  Probe x2  
  87  8:53  Pylon  
  87  9:17  Stalker x2  
  87  9:18  Stalker x3  
  97  9:34  Pylon  
  97  9:38  Probe  
  97  9:39  Probe  
  97  9:44  Nexus  
  99  9:51  Probe  
  100  9:52  Pylon  
  100  9:55  Pylon  
  100  10:06  Observer  
  99  10:28  Observer  
  80  10:45  Stalker  
  80  10:46  Stalker x4  
  90  10:58  Twilight Council, Probe x2  
  90  11:00  Probe  
  93  11:10  Probe x2  
  95  11:12  Probe  
  96  11:46  Blink  
  94  11:57  Probe  
  94  11:58  Probe  
  92  12:05  Probe  
  92  12:06  Forge  
  92  12:08  Forge  
  77  12:09  Probe  
  62  12:22  Stalker  
  62  12:23  Stalker x4  
  62  12:28  Void Ray  
  72  12:44  Templar Archives  
  72  12:51  Pylon  
  72  12:52  Pylon  
  72  12:55  Pylon  
  72  12:58  Gateway  
  68  13:00  Gateway  
  68  13:02  Gateway  
  68  13:04  Gateway  
  62  13:06  Gateway  
  62  13:09  Stalker  
  62  13:10  Stalker x4, Gateway, Pylon  
  62  13:11  Void Ray, Gateway  
  72  13:30  Psionic Storm  
  72  13:39  Stalker x3  
  72  13:40  Stalker x2  
  82  14:04  Pylon  
  82  14:05  Pylon  
  82  14:07  High Templar x2  
  82  14:08  High Templar x3  
  82  14:09  High Templar x4  
  100  14:14  Archon x4  
  100  14:20  Void Ray  
  104  14:26  Probe x2  
  104  14:29  Assimilator  
  104  14:30  Assimilator  
  104  14:31  Protoss Ground Weapons Level 1  
  106  14:34  Probe  
  107  14:38  Probe  
  107  14:45  Photon Cannon  
  108  14:46  Photon Cannon x2  
  108  14:51  High Templar  
  110  14:54  Probe x2  
  112  15:09  Pylon  
  112  15:10  Pylon  
  104  15:28  Probe  
  91  15:47  Pylon  
  91  15:49  Pylon  
  91  15:51  Pylon  
  91  15:56  Void Ray  
  95  16:09  High Templar  
  97  16:12  High Templar x2  
  97  16:13  High Templar x4  
  97  16:16  Charge  
  109  16:21  Zealot x2  
  109  16:22  Zealot x2  
  117  16:39  Void Ray  
  121  16:42  Zealot x4  
  129  16:58  Nexus  
  129  17:00  High Templar x2, Pylon  
  129  17:01  High Templar, Pylon  
  135  17:02  High Templar, Pylon  
  137  17:17  Archon  
  137  17:21  Archon  
  137  17:25  Photon Cannon  
  137  17:27  Photon Cannon  
  137  17:28  Photon Cannon  
  137  17:32  Shield Battery  
  137  17:39  Zealot  
  137  17:40  Zealot x4  
  137  17:41  Zealot x3  
  153  18:04  High Templar  
  153  18:05  High Templar x4  
  161  18:22  Nexus  
  161  18:26  Probe x2  
  161  18:27  Probe  
  164  18:30  Assimilator  
  164  18:33  Zealot x6  
  176  18:34  Assimilator  
  176  18:49  Void Ray  
  180  19:00  Forge  
  158  19:32  Void Ray  
  140  19:55  Archon  
  140  19:56  Archon  
  140  20:07  High Templar  
  140  20:08  High Templar x4  
  140  20:09  High Templar x4  
  158  20:20  Probe x2  
  160  20:22  Probe x3  
  163  20:30  Protoss Ground Armor Level 1  
  163  20:32  Protoss Shields Level 1  
  163  20:36  Pylon  
  163  20:38  Pylon  
  163  20:47  Assimilator  
  157  21:10  Assimilator  
  155  21:32  High Templar  
  155  21:33  High Templar x2  
  155  21:34  High Templar x3  
  155  21:37  Probe x2  
  155  21:38  Probe  
  155  21:39  Probe  
Show
View Real Time Build Order
Export as new Build Order

gagaudi Terran - Winner!

Build Orders: Cyclone Opening 

Get SALT Encoding   

  12  0:01  SCV  
  13  0:15  Supply Depot  
  13  0:23  SCV  
  13  0:28  Refinery  
  14  0:40  Barracks  
  14  0:45  SCV  
  15  0:57  SCV  
  15  1:03  Refinery  
  16  1:09  SCV  
  17  1:21  SCV  
  18  1:28  Supply Depot  
  18  1:29  Reaper  
  19  1:33  SCV  
  20  1:45  SCV  
  21  1:54  Factory  
  21  1:58  SCV  
  22  2:08  Barracks Reactor  
  22  2:10  SCV  
  23  2:22  SCV  
  24  2:47  Reaper  
  24  2:50  Cyclone  
  29  2:54  Supply Depot  
  29  3:09  Orbital Command  
  29  3:16  Starport  
  28  3:27  Factory Tech Lab  
  28  3:28  Marine x2  
  29  3:46  Marine x2  
  31  4:03  Marine  
  31  4:04  Marine  
  31  4:06  Siege Tank  
  31  4:08  Starport Reactor  
  36  4:11  Supply Depot  
  36  4:21  Marine  
  36  4:22  Command Center, Marine  
  38  4:28  SCV  
  39  4:38  Siege Tank  
  42  4:39  Supply Depot  
  42  4:46  Medivac  
  42  4:51  Medivac  
  46  5:05  Supply Depot  
  46  5:06  Marine x2  
  48  5:16  Medivac  
  48  5:20  Medivac  
  52  5:42  Siege Tank  
  55  5:44  Marine x2  
  55  5:48  SCV x2  
  59  5:52  Refinery  
  59  5:59  Viking x2  
  59  6:00  SCV x2  
  59  6:02  Marine x2  
  67  6:04  Supply Depot  
  67  6:15  Barracks  
  67  6:46  Marine x2  
  69  6:50  Siege Tank  
  69  6:51  Viking x2  
  77  6:54  SCV x2  
  78  7:04  Marine  
  63  8:00  Marine x2  
  65  8:18  Marine x2  
  67  8:20  Siege Tank  
  67  8:21  Viking x2  
  72  8:35  Marine  
  72  8:36  Marine  
  63  8:51  Viking  
  63  8:52  Siege Tank  
  63  8:53  Marine  
  63  8:54  Marine  
  70  9:15  Marine x2  
  72  9:17  Barracks Tech Lab  
  72  9:20  Factory  
  72  9:22  Supply Depot  
  72  9:30  Orbital Command  
  72  9:31  SCV, Refinery  
  72  9:33  Marine x2  
  75  9:44  SCV  
  76  9:50  Marine  
  76  9:51  Marine  
  78  9:56  SCV  
  79  10:08  SCV, Marine  
  79  10:09  Marine  
  82  10:20  SCV  
  78  10:43  Marine  
  78  10:44  Marine  
  80  10:52  Factory Reactor  
  80  10:53  Stimpack  
  80  10:55  Marauder  
  82  10:57  Viking x2  
  82  10:58  Siege Tank  
  82  11:01  Marine  
  82  11:02  Armory, Marine  
  91  11:16  Marauder  
  93  11:19  Marine  
  94  11:25  Supply Depot  
  94  11:47  Marauder, Marine x2  
  97  12:04  Marine  
  92  12:09  Marauder  
  60  12:30  Marauder, Marine x2  
  60  12:33  Thor  
  60  12:34  Hellion x2  
  60  12:47  Viking, Marine  
  60  12:48  Viking, Marine  
  66  12:51  Marauder  
  66  12:53  SCV x2  
  66  12:55  Hellion x2  
  74  13:05  SCV, Combat Shields, Marine  
  75  13:06  Marine  
  79  13:13  Marauder  
  79  13:16  Hellion  
  79  13:17  Viking x2, Hellion  
  83  13:23  Marine  
  83  13:24  Marine  
  85  13:34  Marauder  
  80  13:46  Marine x2  
  80  13:47  Viking x2  
  68  13:55  Marine  
  63  14:04  Marine x2  
  65  14:11  Supply Depot  
  65  14:12  Terran Vehicle And Ship Armor Level 1  
  65  14:13  Marauder  
  65  14:14  Armory  
  65  14:16  Siege Tank  
  70  14:17  Viking  
  70  14:22  Marine x2  
  70  14:23  SCV  
  70  14:24  SCV, Concussive Shells  
  76  14:35  Marauder  
  76  14:36  SCV  
  79  14:39  Marine  
  79  14:40  Marine  
  79  14:56  Marauder  
  77  15:19  Marauder  
  77  15:20  Marine x2  
  81  15:22  Thor  
  81  15:24  Hellion  
  81  15:25  Hellion  
  81  15:26  Viking x2  
  95  15:38  Marine x2  
  95  15:41  Marauder  
  99  15:46  Hellion  
  101  15:55  Viking, Marine  
  101  15:56  Marine  
  105  16:02  Marauder  
  100  16:05  Siege Tank  
  103  16:13  Marine  
  103  16:14  Marine  
  105  16:23  Marauder  
  91  16:37  Siege Tank  
  74  16:45  Marauder  
  73  17:06  Command Center  
  73  17:08  Engineering Bay  
  73  17:09  Engineering Bay  
  73  17:13  Siege Tank, Factory  
  73  17:15  Hellion x2  
  80  17:17  Medivac  
  80  17:19  Marine  
  83  17:24  Command Center  
  83  17:36  Hellion  
  85  17:45  Siege Tank  
  86  18:14  Hellion x2  
  86  18:17  Siege Tank  
  91  18:35  Hellion x2  
  95  18:49  Siege Tank, Planetary Fortress  
  95  18:52  Refinery  
  95  18:53  Viking  
  96  18:56  Hellion  
  98  19:05  Orbital Command  
  98  19:12  SCV  
  98  19:13  SCV  
  100  19:21  Siege Tank, Factory Tech Lab  
  103  19:24  SCV  
  103  19:25  SCV  
  99  19:53  Thor  
  95  20:06  Marauder  
  97  20:07  Marine  
  97  20:08  Marine  
  97  20:09  Thor  
  97  20:11  Hellion  
  107  20:25  Marine x2  
  107  20:28  Marauder  
  93  20:43  Marine x2  
  93  20:49  Marauder  
  94  21:01  Marine x2  
  94  21:11  Liberator, Marauder  
  96  21:12  Liberator  
  96  21:23  Marine  
  96  21:24  Marine  
  98  21:26  Siege Tank x2  
  98  21:32  Marauder  
  102  21:41  Marine  
  102  21:42  Marine  
  102  21:53  Marauder  
  102  21:59  Marine  
  102  22:00  Marine  
Tags
 
Add a new tag
Caveats
  • Supply blocks, unpowered buildings, or Contaminate may cause inaccurate times.
  • Supply counts are checked every 10 seconds.